 Dungeon Crawl Stone Soup version 0.29.1-2-gbd0b4ee654 (webtiles) character file.

Game seed: 427768189717957670

532 GorkyZ the Trooper (level 7, 0/81 HPs)
             Began as a Formicid Gladiator on Nov 21, 2022.
             Succumbed to Robin's poison
             ... on level 4 of the Dungeon.
             The game lasted 00:13:22 (3818 turns).

GorkyZ the Trooper (Formicid Gladiator)             Turns: 3818, Time: 00:13:22

Health: 0/81       AC: 23    Str: 19 (20) XL:     7   Next: 49%
Magic:  7/7        EV:  2    Int:  5 (8)  God:
Gold:   246        SH:  0    Dex: 14 (15) Spells: 6/6 levels left

rFire   . . .      SeeInvis .   a - +0 quarterstaff
rCold   . . .      Faith    .   (no shield)
rNeg    . . .      Spirit   .   (body armour currently unavailable)
rPois   +          Reflect  .   (helmet unavailable)
rElec   .          Harm     .   (cloak currently unavailable)
rCorr   .          Rampage  .   (gloves currently unavailable)
Will    .....                   (boots currently unavailable)
Stlth   +.........              (no amulet)
HPRegen 0.00/turn               (no ring)
MPRegen 0.10/turn               (no ring)

@: brilliant, lethally poisoned (0 -> -18), tree-form, inhibited regen
A: stationary, stasis, torment immunity, boosted hp, permanent stasis, dig
shafts and tunnels, (antennae 3), four strong arms, inhibited regeneration
a: no special abilities


You were on level 4 of the Dungeon.
You were a tree.
You visited 1 branch of the dungeon, and saw 4 of its levels.

You collected 246 gold pieces.

Inventory:

Hand Weapons
 a - a +0 quarterstaff (weapon)
 t - a +0 war axe
Missiles
 c - 2 throwing nets
 d - 7 javelins
 h - 11 poisoned darts (quivered)
 y - 2 boomerangs
Armour
 b - a +0 leather armour
 l - a +0 ring mail (melded)
 n - a +0 cloak (melded)
Jewellery
 m - an amulet of faith
Wands
 u - a wand of flame (24)
Scrolls
 e - 2 scrolls of magic mapping {unknown}
 f - a scroll of noise {unknown}
 g - 4 scrolls of teleportation {unknown}
 i - 4 scrolls of identify {unknown}
 o - 3 scrolls of summoning {unknown}
 A - a scroll of enchant armour {unknown}
Potions
 j - 2 potions of degeneration
 p - a potion of invisibility
 r - a potion of might


   Skills:
 + Level 4.0 Fighting
 - Level 3.0 Staves
 + Level 3.4 Throwing
 + Level 3.0 Armour
 + Level 3.9 Dodging
 + Level 3.5 Shields
 + Level 3.0 Evocations


You had 6 spell levels left.
You didn't know any spells.
Your spell library was empty.

Dungeon Overview and Level Annotations

Branches:
Dungeon (4/15)
 Temple: D:4-7

Altars:

Annotations:
D:4 Robin


Innate Abilities, Weirdness & Mutations

You are a tree.
Your roots penetrate the ground, keeping you stationary.
You cannot be teleported.
You are immune to unholy pain and torment.
Your maximum health is greatly increased.
Your equipment is partially melded.
You cannot be hasted, slowed, berserked, paralysed or teleported.
You can dig through walls and to a lower floor.
((You have a pair of large antennae on your head. (SInv)))
Your four strong arms can wield two-handed weapons with a shield.
You do not regenerate when monsters are visible.


Message History

You feel sick.
Robin roars a battlecry!
The goblins go into a battle-frenzy!
The goblin closely misses you.
It was a potion of brilliance.
You feel clever all of a sudden.
You feel sick.
Robin hits you with a +4 spear of venom.
You are more poisoned.
The goblin hits you with a +0 dagger.
Unknown command.
It was a potion of berserk rage.
Your stasis prevents you from going berserk.
You feel sick.
Robin hits you with a +4 spear of venom!
* * * LOW HITPOINT WARNING * * *
You are lethally poisoned!
The goblin misses you.
It was a potion of lignification.
You turn into a tree.
Your +0 cloak melds into your body.
Your +0 ring mail melds into your body.
Your roots penetrate the ground.
* * * LOW HITPOINT WARNING * * *
You feel very sick. Robin hits you but does no damage.
You are more poisoned.
The goblin hits you but does no damage.
You closely miss Robin.
Robin is lightly wounded.
* * * LOW HITPOINT WARNING * * *
You feel extremely sick.
Robin's bangles clink loudly.
The goblin hits you but does no damage.
You hit Robin but do no damage.
Robin is lightly wounded.
* * * LOW HITPOINT WARNING * * *
You feel very sick. The goblin hits you but does no damage.
You hit Robin but do no damage.
Robin is lightly wounded.
You die...

###.##..........##.
#..##.....######
###.###.#.#.#
#...........#
##..#######..#
#...#.#.#.#..#
#....#^^^^^#.##
##.#########.#
#.#['..g♣ggg#
#.#########gg#
#...#^^^^^#{#.##
#...#.#.#.#.....##..
##..#######.#.......
#........))).#....
##.#####..)### ##.
#.# ###.# #.. #...


You could see Robin (strong), 2 hobgoblins and 3 goblins.

Vanquished Creatures
  Grinder (D:3)
  A scorpion (D:4)
  An orc priest (D:4)
  Jessica (D:3)
  3 orc wizards (D:3)
  4 adders
  An ufetubus (D:4)
  3 dart slugs
  9 orcs
  8 bats
  5 endoplasms
  4 giant cockroaches
  12 goblins
  6 hobgoblins
  4 jackals (D:2)
  8 quokkas
  9 ball pythons
  5 frilled lizards
  5 kobolds
  5 rats
95 creatures vanquished.

Notes
Turn   | Place    | Note
-------+----------+-------------------------------------------
     0 | D:1      | GorkyZ the Formicid Gladiator began the quest for the Orb.
     0 | D:1      | Reached XP level 1. HP: 16/16 MP: 1/1
    94 | D:1      | Reached XP level 2. HP: 12/22 MP: 2/2
   494 | D:1      | Reached skill level 1 in Shields
   656 | D:1      | Reached XP level 3. HP: 21/28 MP: 3/3
   660 | D:1      | Reached skill level 1 in Evocations
   675 | D:1      | Reached skill level 1 in Armour
  1156 | D:1      | Found a faded altar of an unknown god.
  1516 | D:2      | Reached XP level 4. HP: 34/34 MP: 4/4
  2059 | D:3      | Noticed Jessica
  2065 | D:3      | Killed Jessica
  2107 | D:3      | Reached XP level 5. HP: 11/40 MP: 5/5
  2762 | D:3      | Noticed Grinder
  2789 | D:3      | Killed Grinder
  2790 | D:3      | Reached skill level 3 in Fighting
  2790 | D:3      | Reached XP level 6. HP: 45/47 MP: 6/6
  2830 | D:3      | Reached XP level 7. HP: 39/52 MP: 7/7
  3782 | D:4      | Noticed Robin
  3796 | D:4      | Reached skill level 4 in Fighting
  3809 | D:4      | Gained mutation: You do not regenerate when monsters are
                  | visible. [potion of mutation]
  3810 | D:4      | HP: 2/54 [poisoned by Robin]
  3818 | D:4      | Succumbed to Robin's poison

Illustrated notes

Levels and vault maps discovered:
D:1:      minmay_arrival_semitransparent, layout_rooms,
          shapermc_ecumenical_altar_pompeii, serial_glass, glass_columns_a,
          glass_columns_a, due_unseen_surprise, minmay_strange_pillars,
          feat_on_display, dreamdust_princess_bridge, minmay_misc_feat_cross
D:2:      layout_basic
D:3:      layout_loops_ring, minmay_puff, uniq_grinder, uniq_jessica
D:4:      layout_rooms, reono_crystal_passage, grunt_tough_drop, uniq_robin

Skill      XL: |  1  2  3  4  5  6  7 |
---------------+----------------------+-----
Shields        | 1 2 3 |  3.5
Evocations     | 1 2 3 |  3.0
Armour         | 1 2 3 |  3.0
Dodging        | 3 |  3.9
Fighting       | 3 4 |  4.0
Throwing       | 3 |  3.4
Staves         | |  3.0

Action                   |  1- 3 |  4- 6 |  7- 9 || total
-------------------------+-------+-------+-------++-------
Melee: Quarterstaff      |   114 |    92 |   107 ||   313
Throw: Throwing net      |       |     1 |       ||     1
 Abil: Dig               |     5 |     1 |       ||     6
  Use: Potion            |       |       |    12 ||    12
 Stab: Held in net/web   |       |     2 |       ||     2
Armor: Leather armour    |    31 |       |       ||    31
       Ring mail         |    29 |    41 |    46 ||   116
       Skin              |       |       |     4 ||     4
Dodge: Dodged            |   131 |    76 |    75 ||   282
